 Dungeon Crawl Stone Soup version 0.17-a0-1880-gacf7e67 (webtiles) character file.

2702 dpvblackbelt the Covert (level 9, -3/81 HPs)
             Began as an Octopode Assassin on Sept 20, 2015.
             Was an Initiate of Dithmenos.
             Slain by a minotaur
             ... wielding the cursed +1 whip "Penig" {venom, rC+ MP+9}
              (6 damage)
             ... in a labyrinth on Sept 21, 2015.
             The game lasted 00:31:10 (8112 turns).

dpvblackbelt the Covert (Octopode Assassin)         Turns: 8112, Time: 00:31:10

Health: -3/81      AC: 27    Str:  6 (8)  XL:     9   Next: 65%
Magic:  0/9        EV:  2    Int: 14      God:    Dithmenos [......]
Gold:   346        SH:  5    Dex: 23      Spells: 1 memorised, 3 levels left

rFire  . . .     SeeInvis .     a - +1 dagger "Osebriciymp" {venom, rN+ Str-2 Stlth+}
rCold  . . .     Clarity  .     G - +1 buckler {AC+3}
rNeg   + + +     SustAt   .     (helmet currently unavailable)
rPois  +         Gourm    .     e - amulet of guardian spirit
rElec  .         Spirit   +     A - ring of wizardry
rCorr  .         Warding  .     (no ring)
rMut   .         NoTele   +     (no ring)
MR     .....                    (no ring)
Stlth  ++++++++++               (no ring)
                                (no ring)
                                (no ring)
                                (no ring)

@: agile, lethally poisoned (-3 -> -13), tree-form (expiring), not resistant to
hostile enchantments, uncannily stealthy
A: almost no armour, amphibious, 8 rings, (constrict 8), (camouflage 0), agile
1, (gelatinous body 0)
a: Renounce Religion


You were in a labyrinth.
You worshipped Dithmenos.
Dithmenos was noncommittal.
You were very hungry.
You were a tree.
You visited 3 branches of the dungeon, and saw 11 of its levels.
You also visited: Labyrinth.

You collected 346 gold pieces.

Inventory:

Hand weapons
 a - the +1 dagger "Osebriciymp" (weapon) {venom, rN+ Str-2 Stlth+}
   (You found it on level 8 of the Dungeon)

   It poisons the flesh of those it strikes.
   It affects your strength (-2).
   It protects you from negative energy.
   It makes you more stealthy.
 b - a +0 blowgun
 J - a +3 dagger of draining
Missiles
 c - 54 poisoned needles (quivered)
Armour
 t - a +0 buckler
 G - a +1 buckler of protection (worn)
Jewellery
 e - an amulet of guardian spirit (around neck)
 A - a ring of wizardry (left branch)
Magical devices
 f - a wand of magic darts (21)
 v - a wand of draining (0)
 y - a wand of teleportation (5)
 L - a wand of digging (12)
Scrolls
 i - 4 scrolls of identify
 k - a scroll of enchant weapon
 m - 3 scrolls of teleportation
 s - 3 scrolls of noise
 x - a scroll of fog
Potions
 d - a potion of flight
 g - a potion of cancellation
 o - a potion of resistance
 F - a potion of magic
Books
 p - a book of the Sky

   Spells                             Type                      Level
   a - Summon Lightning Spire         Summoning/Air                4
   b - Airstrike                      Air                          4
   c - Silence                        Hexes/Air                    5
   d - Deflect Missiles               Charms/Air                   6
   e - Conjure Ball Lightning         Conjuration/Air              6
   f - Tornado                        Air                          9
Comestibles
 j - 5 meat rations
 l - 5 bread rations
 q - 3 beef jerkies
 H - 21 fruits


   Skills:
 - Level 2.0 Fighting
 + Level 8.7 Short Blades
 - Level 2.0 Throwing
 - Level 1.0 Dodging
 - Level 14.1 Stealth


You had 3 spell levels left.
You knew the following spells:

 Your Spells              Type           Power        Failure   Level  Hunger
a - Silence               Hex/Air        #.........   100%        5    ######.


Dungeon Overview and Level Annotations

Branches:
Dungeon (9/15)             Temple (1/1) D:7            Lair (1/8) D:8
    Orc: D:9-12

Altars:
Ashenzari
Cheibriados
Dithmenos
Elyvilon
Fedhas
Gozag
Kikubaaqudgha
Makhleb
Nemelex Xobeh
Okawaru
Qazlal
Ru
Sif Muna
Trog
Vehumet
Xom
Yredelemnul
Zin
The Shining One

Annotations:
Lair:1 Raurakos's ghost, experienced TrMo


Innate Abilities, Weirdness & Mutations

You cannot wear most types of armour.
You are amphibious.
You can wear up to eight rings at the same time.
((You can use your tentacles to constrict eight enemies at once.))
((Your skin changes colour to match your surroundings (Stealth).))
((Your rubbery body absorbs attacks (AC +1).))
You are agile. (Dex +2)


Message History

The minotaur gores you!
* * * LOW HITPOINT WARNING * * *
You are too injured to fight recklessly!
You are too injured to fight recklessly!
You hit the minotaur but do no damage.
The minotaur is moderately wounded.
Your transformation is almost over.
* * * LOW HITPOINT WARNING * * *
You feel sick.
You hit the minotaur.
The minotaur is moderately wounded.
* * * LOW HITPOINT WARNING * * *
You feel sick.
The minotaur hits you but does no damage.
The minotaur gores you.
* * * LOW HITPOINT WARNING * * *
The minotaur blocks your attack.
The minotaur is heavily wounded.
The minotaur hits you with an ebony whip {venom}!
You die...

#.# . ▓.# #. #
# # # . .# #
## #. ##
#..!..#. .# #
.#. # ...#.#
.#
#########.#.#
.
#<....H♣....#
..
#############.
... .. . #. #
# # . # . # #
#


You could see a minotaur.

Vanquished Creatures
  A two-headed ogre (D:8)
  2 ice beasts
  An orc warrior (D:7)
  A sky beast (D:8)
  2 ogres
  2 phantoms
  3 centaurs
  A gnoll sergeant (D:8)
  2 giant frogs
  Blork the orc (D:5)
  A big kobold (D:8)
  3 scorpions
  A crimson imp (D:5)
  3 jellies
  2 hounds
  3 orc priests
  A giant frog skeleton (D:4)
  8 orc wizards
  4 worker ants
  3 iguanas
  A hound zombie (D:5)
  3 hound skeletons
  7 gnolls
  11 adders
  5 worms
  2 adder skeletons (D:6)
  5 giant geckos
  25 orcs
  5 giant cockroaches
  5 hobgoblins
  11 jackals
  3 quokkas
  4 bats
  4 giant newts
  10 goblins
  10 kobolds
  5 rats
161 creatures vanquished.

Notes
Turn   | Place    | Note
--------------------------------------------------------------
     0 | D:1      | dpvblackbelt the Octopode Assassin began the quest for the Orb.
     0 | D:1      | Reached XP level 1. HP: 14/14 MP: 1/1
     0 | D:1      | Upgraded the game from 0.17-a0-1863-g715b4b0 to 0.17-a0-1880-gacf7e67
    99 | D:1      | Found a snail-covered altar of Cheibriados.
   280 | D:1      | Reached XP level 2. HP: 19/19 MP: 2/2
   360 | D:1      | Reached skill level 6 in Stealth
   783 | D:2      | Reached XP level 3. HP: 24/24 MP: 3/3
   953 | D:2      | Reached skill level 7 in Stealth
  1117 | D:2      | Reached XP level 4. HP: 25/29 MP: 4/4
  1429 | D:3      | Found a sacrificial altar of Ru.
  1664 | D:3      | Reached skill level 8 in Stealth
  2326 | D:3      | Reached XP level 5. HP: 29/34 MP: 5/5
  2491 | D:4      | Reached skill level 9 in Stealth
  2685 | D:4      | Noticed an ogre
  2690 | D:4      | Killed an ogre
  2690 | D:4      | Reached skill level 10 in Stealth
  2690 | D:4      | Reached XP level 6. HP: 39/39 MP: 6/6
  3317 | D:4      | Learned a level 5 spell: Silence
  3417 | D:4      | Reached skill level 11 in Stealth
  3419 | D:4      | Reached XP level 7. HP: 45/45 MP: 7/7
  3663 | D:5      | Entered Level 5 of the Dungeon
  3709 | D:5      | Reached skill level 12 in Stealth
  4373 | D:5      | Noticed Blork the orc
  4378 | D:5      | Killed Blork the orc
  4552 | D:5      | Reached skill level 13 in Stealth
  4552 | D:5      | Reached XP level 8. HP: 50/50 MP: 8/8
  4670 | D:5      | Found a blossoming altar of Fedhas.
  4844 | D:5      | Found an opulent altar of Gozag.
  5210 | D:6      | Reached skill level 14 in Stealth
  6045 | D:7      | Reached skill level 5 in Short Blades
  6077 | D:7      | Reached XP level 9. HP: 33/54 MP: 9/9
  6746 | D:8      | Found a staircase to the Lair.
  6746 | D:8      | Noticed an elephant
  6747 | D:8      | Noticed a death yak
  6792 | D:8      | Found a shimmering altar of Xom.
  6922 | D:8      | Got a warped dagger
  6923 | D:8      | Identified the +1 dagger "Osebriciymp" {venom, rN+ Str-2 Stlth+} (You found it on level 8 of the Dungeon)
  7451 | D:7      | Found a staircase to the Ecumenical Temple.
  7471 | Temple   | Entered the Ecumenical Temple
  7493 | Temple   | Became a worshipper of Dithmenos the Shadowed
  7769 | Lair:1   | Entered Level 1 of the Lair of Beasts
  7769 | Lair:1   | Noticed Raurakos's ghost (experienced TrMo)
  7793 | Lair:1   | Noticed a spiny frog
  7804 | Lair:1   | Found a labyrinth entrance.
  7808 | Lab      | Entered a labyrinth
  8016 | Lab      | Noticed a minotaur
  8043 | Lab      | Gained mutation: You are agile. (Dex +2) [potion of beneficial mutation]
  8110 | Lab      | HP: 4/81 [poisoned by a minotaur]
  8112 | Lab      | Identified the cursed +1 whip "Penig" {venom, rC+ MP+9}
  8112 | Lab      | Slain by a minotaur

Vault maps used:
D:1:      erik_arrival_cave_to_civilisation, cheibriados_altar_1
D:3:      first_bread, nicolae_ru_awakened_eye
D:5:      kennysheep_mini, overflow_temple_1_default, uniq_blork_the_orc
D:6:      minivault_5, hangedman_decor_points
D:7:      temple_statues
D:8:      nicolae_overflow_crystal_walls, david_lair_generic,
          blue_anna_alchemist, st_stairs_11
Temple:   lightli_temple_of_artemis
Lair:1:   portal_ice_cave_entry_pillars_01, lab_entry_generic, lemuel_fruit_tree
Lab:      labyrinth_mini_lab, nicolae_lab_x

Action                   |  1- 3 |  4- 6 |  7- 9 || total
-------------------------+-------+-------+-------++-------
Melee: Dagger            |    44 |   105 |   251 ||   400
 Fire: Blowgun           |    12 |     9 |    27 ||    48
Evoke: Wand              |       |       |     2 ||     2
  Use: Potion            |       |     2 |    11 ||    13
       Scroll            |       |       |    17 ||    17
 Stab: Sleeping          |    15 |    17 |    23 ||    55
       Distracted        |     1 |       |     2 ||     3
  Eat: Chunk             |       |     7 |     7 ||    14
       Bread ration      |       |       |     1 ||     1
       Fruit             |       |       |     3 ||     3
